cohdb
Replays
Latest Replays
All Replays
Popular Replays
Top Player Replays
Match Explorer
How It Works
Community
CoH3 Stats
Reddit
Sign in to upload your games and track your stats! →
Sign in with Steam
Match 45449378
Unlisted
Match 45449378
Overview
Messages
Build Orders
End
Scout Squad
Construct Barracks
Selects Heavy Weapons
1⁄4-ton 4x4 Truck
Riflemen Squad
Riflemen Squad
Infantry Support Center
Grenade Package
Selects Assault Carriers
Riflemen Squad
M1918 Browning Automatic Rifles
Construct Weapon Support Center
M3 Assault Carrier
Construct Medical Station
M1919 Machine Gun Team
Bazooka Squad
M3 Assault Carrier
M3 Assault Carrier
Engineer Squad
Captain Retinue
Selects Exchangeable Parts
M3 Assault Carrier
M3 Assault Carrier
Selects M26 Pershing Heavy Tank
M26 Pershing Heavy Tank
Genius Malignus
M3di4t0r
Tufdjtu
Grimauldus
HelpingHans
Nice-Rice_2468
0
0
Comments
sign in to comment!
No comments posted yet!